 Dungeon Crawl Stone Soup version 0.30-a0-900-g23479c02f2 (webtiles) character file.

Game seed: 15985357519585264898

216 cforsyth the Trooper (level 5, -1/55 HPs)
             Began as an Ogre Gladiator on Mar 19, 2023.
             Killed from afar by an orc (11 damage)
             ... with a bolt of dispelling energy
             ... on level 3 of the Dungeon.
             The game lasted 00:05:19 (2457 turns).

cforsyth the Trooper (Ogre Gladiator)               Turns: 2457, Time: 00:05:20

Health: -1/55      AC:  3    Str: 20    XL:     5   Next: 93%
Magic:  5/5        EV: 10    Int:  9    God:
Gold:   116        SH:  0    Dex: 10    Spells: 4/4 levels left

rFire   . . .      SeeInvis .    a - +0 war axe
rCold   . . .      Faith    .    (no shield)
rNeg    . . .      Spirit   .    b - +0 robe
rPois   .          Reflect  .    c - +0 hat
rElec   .          Rampage  .    (no cloak)
rCorr   .                        (gloves unavailable)
Will    +....                    (boots unavailable)
Stlth   +                        (no amulet)
HPRegen 0.29/turn                i - ring of willpower
MPRegen 0.09/turn                (no ring)

@: no status effects
A: large, unfitting armour, tough skin 1
a: no special abilities


You were on level 3 of the Dungeon.
You visited 1 branch of the dungeon, and saw 3 of its levels.
You also visited: Sewer.

You collected 116 gold pieces.

Inventory:

Hand Weapons
 a - a +0 war axe (weapon)
Missiles
 d - 3 throwing nets (quivered)
 e - a large rock
Armour
 b - a +0 robe (worn)
 c - a +0 hat (worn)
Jewellery
 i - a ring of willpower (left hand)
Scrolls
 g - a scroll of magic mapping
 k - a scroll of fog {unknown}
 l - a scroll of enchant armour {unknown}
 n - a scroll of enchant weapon {unknown}
 p - a scroll of fear
 r - a scroll of summoning {unknown}
Potions
 f - 2 potions of curing
 h - a potion of invisibility
 j - a potion of lignification {unknown}
 m - a potion of cancellation {unknown}
 o - a potion of brilliance
 q - a potion of heal wounds {unknown}


   Skills:
 + Level 4.5 Fighting
 + Level 4.1 Axes
 + Level 3.3 Throwing
 + Level 3.7 Dodging


You had 4 spell levels left.
You didn't know any spells.
Your spell library contained the following spells:

 Spells                   Type           Power      Damage    Failure   Level
 Slow                     Hex            0%         N/A       38%         1
 Cigotuvi's Dreadful Rot  Necr/Pois/Air  0%         N/A       52%         2
 Poisonous Vapours        Pois/Air       0%         N/A       52%         2
 Confusing Touch          Hex            0%         N/A       77%         3
 Mephitic Cloud           Conj/Pois/Air  0%         N/A       77%         3
 Vampiric Draining        Necr           0%         2d6       77%         3


Dungeon Overview and Level Annotations

Branches:
Dungeon (3/15)              Sewer (visited)

Altars:

Shops:
D:2 *   D:3 *


Innate Abilities, Weirdness & Mutations

You are too large for most types of armour.
You have tough skin. (AC +1)


Message History

HP restored.
r - a scroll labelled MER AH FANADIWEI You now have 116 gold pieces (gained 9).
There is a stone staircase leading up here.
Found an escape hatch in the floor.
An orc comes into view.
It is wielding a +0 arbalest and carrying a wand of quicksilver (9).
An orc is nearby!
The orc shouts!
The orc shoots a bolt.
The bolt hits you.
The orc shoots a bolt.
The bolt misses you.
Found a stone staircase leading down.
The orc shoots a bolt.
The bolt barely misses you.
The orc shoots a bolt.
The bolt closely misses you.
The orc zaps a wand.
The bolt of dispelling energy hits you!!
The orc zaps a wand.
The bolt of dispelling energy hits you!!
* * * LOW HITPOINT WARNING * * *
There is an escape hatch in the floor here.
You are too injured to fight recklessly!
You are too injured to fight recklessly!
You are too injured to fight recklessly!
You are too injured to fight recklessly!
You are too injured to fight recklessly!
You are too injured to fight recklessly!
You are too injured to fight recklessly!
You are too injured to fight recklessly!
You are too injured to fight recklessly!
You are too injured to fight recklessly!
You are too injured to fight recklessly!
You are too injured to fight recklessly!
You closely miss the orc.
The orc unwields a +0 arbalest.
The orc wields a +0 dagger.
The orc hits you but does no damage.
You closely miss the orc. The orc barely misses you.
The orc hits you with a +0 dagger.
* * * LOW HITPOINT WARNING * * *
Unknown command.
You barely miss the orc.
The orc zaps a wand.
The bolt of dispelling energy hits you!
You die...

##.###..#* #<.....###........#
...#,....#####.............###.#
####*.##.............#####..,,.#
..,,.................# *,******
#*,,....#...)........# *,* *
#*,...,,#............#****,* ***
#*,,,,,,#............#,,,,,* *,,
#*,,,,,,#............#.#*******,*
#*,,,,,,#.......@......#,,,,,,,,*
**,,,,,,#........o..##..,,,,,,,,*
**,,,,,,#...........#,,#******,,*
**,,,,,,#...........#,,**,,,**,,*
********##########>...,*,,,,,*,,*
,,,,,* *####.,,,,,,*,** ****,*
*,#,,,,,*,* ** *,* *,**,,,**,* ,*
*,* ********* *,*******,*


You could see an orc.

Vanquished Creatures
  Pargi (Sewer)
  Jessica (D:3)
  Natasha (D:3)
  A gnoll (D:1)
  A dart slug (D:1)
  2 worms (D:3)
  An orc (D:3)
  8 ball pythons
  3 endoplasms
  5 giant cockroaches
  2 goblins
  A hobgoblin (D:1)
  6 jackals
  3 quokkas
  2 bats
  6 frilled lizards
  8 rats
52 creatures vanquished.

Vanquished Creatures (others)
  2 fungi (D:3)
  3 plants (D:3)
5 creatures vanquished.

Grand Total: 57 creatures vanquished

Notes
Turn   | Place    | Note
-------+----------+-------------------------------------------
     0 | D:1      | cforsyth the Ogre Gladiator began the quest for the Orb.
     0 | D:1      | Reached XP level 1. HP: 22/22 MP: 1/1
   109 | D:1      | Reached XP level 2. HP: 9/31 MP: 2/2
   948 | D:1      | Reached XP level 3. HP: 37/37 MP: 3/3
  1092 | D:2      | Found Sauxt's Assorted Antiques.
  1785 | D:3      | Noticed Jessica
  1802 | D:3      | Killed Jessica
  1803 | D:3      | Reached XP level 4. HP: 41/48 MP: 4/4
  1803 | D:3      | Found Ludinig's Assorted Antiques.
  1843 | D:3      | Found a glowing drain.
  1876 | Sewer    | Entered a sewer
  2000 | Sewer    | Noticed Pargi
  2029 | Sewer    | HP: 2/48 [Pargi (3)]
  2030 | Sewer    | Killed Pargi
  2031 | Sewer    | Reached XP level 5. HP: 2/55 MP: 5/5
  2380 | D:3      | Noticed Natasha
  2387 | D:3      | Killed Natasha
  2457 | D:3      | Killed from afar by an orc

Illustrated notes

Levels and vault maps discovered:
D:1:      minmay_arrival_shattered_statue, layout_basic
D:2:      layout_loops_ring, serial_shops, nicolae_diamond_shop
D:3:      layout_basic, serial_shops, nicolae_shop_hallway_plus,
          shapermc_ecumenical_altar_rom_forum, cheibrodos_sewer_entry_drain,
          hangedman_abyss_or_decor_stabs, hangedman_decor_riveting,
          minmay_misc_feat_enclosed, uniq_jessica, uniq_natasha

Skill      XL: |  1  2  3  4 |
---------------+-------------+-----
Fighting       | 3 4 |  4.5
Dodging        | 3 |  3.7
Axes           | 4 |  4.1
Throwing       | 3 |  3.3

Action                     |  1- 3 |  4- 6 || total
---------------------------+-------+-------++-------
  Melee: War axe           |    98 |    62 ||   160
         Punch             |     1 |       ||     1
    Use: Scroll            |     7 |       ||     7
         Potion            |       |     1 ||     1
   Stab: Sleeping          |     4 |       ||     4
         Invisible         |       |     1 ||     1
 Armour: Robe              |    34 |    16 ||    50
  Dodge: Dodged            |    71 |    42 ||   113

Table legend: (Time is in decaauts)
 A = Elapsed time spent in this place.
 B = Non-inter-level travel time spent in this place.
 C = Inter-level travel time spent in this place.
 D = Time resting spent in this place.
 E = Time spent auto-exploring this place.
 F = Levels seen in this place.
 G = Mean time per level.
                   A        B        C        D        E       F      G
               +--------+--------+--------+--------+--------+-----+--------+
         Total |   2507 |   2474 |     33 |    301 |   1609 |   4 |  626.8 |
       Dungeon |   2000 |   1967 |     33 |     20 |   1509 |   3 |  666.7 |
         Sewer |    506 |    506 |      0 |    281 |    100 |   1 |  506.0 |
               +--------+--------+--------+--------+--------+-----+--------+

Top non-repeatable levels by time:
     D:1: 1092 daAuts
     D:2: 619 daAuts
   Sewer: 506 daAuts
     D:3: 289 daAuts
